[Event "*** Titled Tuesday Blitz"]
[Site "Chess.com"]
[Date "2020.04.14"]
[Round "9"]
[White "dennisodessa"]
[Black "Nikolaj_6"]
[Result "0-1"]
[WhiteElo "2305"]
[BlackElo "2575"]
[TimeControl "180+1"]
[EndTime "11:40:55 PDT"]
[Termination "Nikolaj_6 won by resignation"]

1. d4 Nf6 2. c4 c5 3. d5 e6 4.
Nc3 exd5 5. cxd5 d6 6. e4 g6 7. Bd3 Bg7 8. h3 O-O 9. Nf3 a6 10. a4 Nbd7 11. O-O Nh5 12. Be2 Re8 13. Be3 Rb8 14.
Qc2 Ne5 15. Nxe5 Bxe5 16. Bxh5 gxh5 17. f4 Bg7 18. Rad1 b5 19. e5 dxe5 20. f5 e4 21.
Nxe4 Qe7 22. Bf4 Bxf5 23. Bxb8 Bxe4 24. d6 Bxc2 25. dxe7 Bxd1 26. Rxd1 Bd4+ 27. Kh1 Rxb8 0-1

[Event "*** Titled Tuesday Blitz"]
[Site "Chess.com"]
[Date "2020.04.14"]
[Round "9"]
[White "biesiadnik"]
[Black "KarpovVadim"]
[Result "1/2-1/2"]
[WhiteElo "2591"]
[BlackElo "2413"]
[TimeControl "180+1"]
[EndTime "11:40:57 PDT"]
[Termination "Game drawn by agreement"]

1. e4 e5 2. Nf3 Nc6 3. Bb5 a6 4. Ba4 Nf6 5. O-O Be7 6. d3 d6 7.
c3 O-O 8. Re1 b5 9. Bc2 Re8 10.
d4 h6 11. Nbd2 Bb7 12. d5 Nb8 13. b3 c6 14. c4 Nbd7 15. a4 bxc4 16. bxc4 a5 17.
Ba3 Qc7 18. Bd3 Reb8 19. Qe2 Nc5 20. Bxc5 dxc5 21. Nh4 Bc8 22. dxc6 Qxc6 23. Nf5 Bxf5 24. exf5 Rb2 25. Qf3 Rc8 26. Ne4 Nxe4 27. Bxe4 Qf6 28. Rab1 Rcb8 29. Rxb2 Rxb2 30. Rb1 Rxb1+ 31. Bxb1 e4 32.
Qxe4 Qa1 33. g3 Bf6 34. Qe8+ Kh7 35. Qb5 Qb2 36. Qxb2 Bxb2 37. Kg2 Kg8 38. Kf3 Kf8 39. Ke4 Ke7 40. Kd5 Ba3 41. h4 Bb4 42. Ke4 f6 1/2-1/2

[Event "*** Titled Tuesday Blitz"]
[Site "Chess.com"]
[Date "2020.04.14"]
[Round "9"]
[White "donotreadit"]
[Black "Hanging_pointer"]
[Result "0-1"]
[WhiteElo "2694"]
[BlackElo "2590"]
[TimeControl "180+1"]
[EndTime "11:40:58 PDT"]
[Termination "Hanging_pointer won by resignation"]

1. Nf3 d5 2. b3 c5 3. e3 Nc6 4.
Bb5 Qc7 5. Bb2 Bg4 6. h3 Bxf3 7. Qxf3 e6 8. c4 a6 9. Ba4 Ne7 10. Nc3 d4 11. exd4 cxd4 12. Ne4 Rd8 13. O-O Ng6 14. Ng5 h6 15. Ne4 Be7 16. d3 O-O 17. g3 Nge5 18. Qe2 Nb4 19. Rfd1 f5 20. a3 fxe4 21. axb4 Nxd3 22.
Rxd3 exd3 23. Qxe6+ Kh8 24. Rd1 Bxb4 25. Rxd3 Bc3 26.
Bxc3 dxc3 27. Rxc3 b5 0-1

[Event "*** Titled Tuesday Blitz"]
[Site "Chess.com"]
[Date "2020.04.14"]
[Round "9"]
[White "Aryangholami"]
[Black "Gahan-MG"]
[Result "1-0"]
[WhiteElo "2720"]
[BlackElo "2534"]
[TimeControl "180+1"]
[EndTime "11:40:59 PDT"]
[Termination "Aryangholami won by checkmate"]

1. Nf3 Nf6 2. g3 g6 3. Bg2 Bg7 4. O-O O-O 5. b3 d5 6. Bb2 c5 7. c4 d4 8. e3 Nc6 9. exd4 Nh5 10. Re1 Bg4 11. h3 Bc8 12. Na3 cxd4 13. d3 a6 14. Nc2 e5 15. b4 Re8 16. a4 f5 17. b5 Na5 18. Nb4 Be6 19. Nxe5 Qd6 20. bxa6 Qxb4 21. axb7 Rab8 22. Bxd4 Qd6 23. Ba7 Bxe5 24. d4 Bg7 25.
Bxb8 Rxb8 26. Rxe6 Qxd4 27. Qxd4 Bxd4 28. Rd1 Nxb7 29.
Rxd4 Nc5 30. Re7 Nf6 31. Rd6 Nce4 32. Bxe4 Nxe4 33. Rdd7 Rb1+ 34. Kg2 Rb2 35. Re8# 1-0

[Event "*** Titled Tuesday Blitz"]
[Site "Chess.com"]
[Date "2020.04.14"]
[Round "9"]
[White "LimeInTheCoconut"]
[Black "Grandmaster2B"]
[Result "1-0"]
[WhiteElo "2374"]
[BlackElo "2518"]
[TimeControl "180+1"]
[EndTime "11:40:59 PDT"]
[Termination "LimeInTheCoconut won by checkmate"]

1. Nf3 Nf6 2. c4 e6 3. g3 c5 4. Bg2 Nc6 5. O-O Be7 6. b3 O-O 7. Bb2 d5 8. cxd5 exd5 9. d4 cxd4 10. Nxd4 Be6 11. Nc3 Rc8 12. Nxe6 fxe6 13. Rc1 a6 14. Bh3 Qd7 15. e4 d4 16. Ne2 Nxe4 17. Nxd4 Ng5 18. Bg4 Nxd4 19. Qxd4 Qxd4 20. Bxd4 Rcd8 21. Be3 Nf3+ 22.
Kg2 Ne5 23. Bxe6+ Kh8 24. Rc7 Bd6 25. Rxb7 a5 26. Rd1 Bb4 27. Rxd8 Rxd8 28. Bb6 Re8 29. Bd4 Nc6 30. Bxg7# 1-0

[Event "*** Titled Tuesday Blitz"]
[Site "Chess.com"]
[Date "2020.04.14"]
[Round "9"]
[White "profofchess"]
[Black "checkmatequen"]
[Result "1-0"]
[WhiteElo "2390"]
[BlackElo "2214"]
[TimeControl "180+1"]
[EndTime "11:41:00 PDT"]
[Termination "profofchess won by resignation"]

1. e4 c5 2. Nf3 e6 3. c3 d5 4. e5 d4 5. Bd3 Nc6 6. O-O Nge7 7. Re1 Ng6 8. g3 Be7 9. h4 Qc7 10. Qe2 b6 11. Na3 a6 12. Nc2 Bb7 13. h5 Nf8 14. cxd4 cxd4 15. Ncxd4 Nxd4 16. Nxd4 Bc5 17. Nb3 O-O-O 18.
Nxc5 Qxc5 19. Be4 Bd5 20. d3 Nd7 21. Be3 Qe7 22. Bxd5 exd5 23. Bd4 Kb7 24. e6 Nf6 25. h6 gxh6 26. Qf3 fxe6 27. Qxf6 Qb4 28. Rxe6 Rhf8 29. Rxb6+ 1-0

[Event "*** Titled Tuesday Blitz"]
[Site "Chess.com"]
[Date "2020.04.14"]
[Round "9"]
[White "zurzan"]
[Black "FannyDuarteNapoles"]
[Result "0-1"]
[WhiteElo "1966"]
[BlackElo "2263"]
[TimeControl "180+1"]
[EndTime "11:41:02 PDT"]
[Termination "FannyDuarteNapoles won on time"]

1. f4 d5 2. Nf3 Bg4 3. e3 e6 4.
h3 Bh5 5. Qe2 Be7 6. Qb5+ Nd7 7.
Qxb7 Bh4+ 8. Kd1 Bxf3+ 9. gxf3 Ngf6 10. Rg1 O-O 11. Qc6 Rb8 12. Nc3 Rb6 13. Qa4 c5 14. Qxa7 d4 15. Na4 dxe3 16. Nxb6 Nxb6 17. d3 Bf2 18.
Rg5 Qd6 19. Qa3 Nbd5 20. f5 Qf4 21. Rg2 Qxf3+ 22. Be2 Qxg2 23. c4 Nb4 24. Bxe3 Qg1+ 25.
Kd2 Bxe3+ 26. Kc3 Bd4+ 27. Kb3 Qxa1 0-1

[Event "*** Titled Tuesday Blitz"]
[Site "Chess.com"]
[Date "2020.04.14"]
[Round "9"]
[White "ChessFunMaker"]
[Black "annamaja"]
[Result "1-0"]
[WhiteElo "2365"]
[BlackElo "2187"]
[TimeControl "180+1"]
[EndTime "11:41:03 PDT"]
[Termination "ChessFunMaker won by resignation"]

1. c4 e5 2. g3 Nf6 3. Bg2 d5 4. cxd5 Nxd5 5. Nf3 Nc6 6. O-O Be7 7. d4 exd4 8. Nxd4 Nxd4 9. Qxd4 Nb6 10. Qxg7 Bf6 11.
Qh6 Nc4 12. Nc3 c6 13. Rd1 Qe7 14. Ne4 Be5 15. Bg5 f6 16. Nxf6+ Kf7 17. Qh5+ Kg7 18. Bh6+ Kxf6 19. Bg5+ 1-0

[Event "*** Titled Tuesday Blitz"]
[Site "Chess.com"]
[Date "2020.04.14"]
[Round "9"]
[White "Bacyanide"]
[Black "djogrodek1"]
[Result "0-1"]
[WhiteElo "2342"]
[BlackElo "2534"]
[TimeControl "180+1"]
[EndTime "11:41:05 PDT"]
[Termination "djogrodek1 won by resignation"]

1. d4 d5 2. c4 c6 3. Nf3 Nf6 4. e3 e6 5. Nbd2 Be7 6. b3 O-O 7. Bb2 Nbd7 8. Bd3 dxc4 9. bxc4 c5 10. O-O cxd4 11. exd4 b6 12. Qe2 Bb7 13. Rad1 Rc8 14. Rfe1 Re8 15. h4 h6 16. Ne5 Nxe5 17. dxe5 Nd7 18. Ne4 Bxe4 19. Qxe4 Nf8 20. h5 Qc7 21. Re3 Red8 22. Rg3 Qc5 23. Kh2 Qxf2 24. Bc1 Rd4 25. Bxh6 Rxe4 26. Bxe4 Qxg3+ 27. Kxg3 gxh6 28. Bd3 Rd8 29. Kf3 Nh7 30. Bxh7+ Kxh7 31. Rb1 Rd3+ 32. Ke4 Rd2 33.
a4 Bc5 34. a5 Rd4+ 35. Kf3 Rxc4 36. axb6 axb6 37. Rd1 Kg7 38. Rd7 b5 39. Rb7 b4 0-1

[Event "*** Titled Tuesday Blitz"]
[Site "Chess.com"]
[Date "2020.04.14"]
[Round "9"]
[White "Fh2411"]
[Black "GuerrieroFromLevant"]
[Result "0-1"]
[WhiteElo "2458"]
[BlackElo "2370"]
[TimeControl "180+1"]
[EndTime "11:41:05 PDT"]
[Termination "GuerrieroFromLevant won on time"]

1. d4 d5 2. Nf3 c5 3. c4 e6 4.
e3 dxc4 5. Bxc4 Nf6 6. O-O a6 7. a4 Nc6 8. Nc3 Be7 9. Qe2 O-O 10. Rd1 Qc7 11. h3 Rd8 12. dxc5 Bxc5 13. e4 Rxd1+ 14. Qxd1 Bd7 15. Bg5 Rd8 16. Bxf6 gxf6 17. Qe2 Nd4 18. Nxd4 Bxd4 19. Rc1 Bc6 20. Rc2 Kf8 21. b3 Ke7 22.
Nd1 Qb6 23. Bd3 Bc5 24. Bc4 Qb4 25. Nb2 Bd4 26. Nd3 Qd6 27. Qf3 b5 28. axb5 axb5 29. e5 fxe5 30. Qg4 bxc4 31. Rxc4 Bb5 32. Qh4+ Kd7 0-1

[Event "*** Titled Tuesday Blitz"]
[Site "Chess.com"]
[Date "2020.04.14"]
[Round "9"]
[White "Ave_Mariia"]
[Black "MPGM"]
[Result "0-1"]
[WhiteElo "2309"]
[BlackElo "2459"]
[TimeControl "180+1"]
[EndTime "11:41:07 PDT"]
[Termination "MPGM won by resignation"]

1. d4 d5 2. c4 Bf5 3. cxd5 Nf6 4. Nc3 Nxd5 5. Nf3 c6 6. e3 e6 7. Be2 Be7 8. O-O O-O 9. Re1 Nd7 10. Bf1 Bg6 11.
e4 Nxc3 12. bxc3 Nf6 13. e5 Nd5 14. c4 Nb4 15. Re2 Bd3 16. Rd2 Bg6 17. a3 Na6 18. Bb2 Nc7 19. Bd3 Bxd3 20. Rxd3 b5 21. Rc1 Rb8 22. Ba1 bxc4 23. Rxc4 Qd5 24. Rdc3 Nb5 25. Rc1 Bxa3 26. R1c2 c5 27. Qe2 cxd4 28. Qd3 h6 29. h3 Rfd8 30. Bxd4 Bf8 31. Rc5 Bxc5 0-1

[Event "*** Titled Tuesday Blitz"]
[Site "Chess.com"]
[Date "2020.04.14"]
[Round "9"]
[White "SahaNeelash"]
[Black "varacalli"]
[Result "0-1"]
[WhiteElo "2537"]
[BlackElo "2400"]
[TimeControl "180+1"]
[EndTime "11:41:08 PDT"]
[Termination "varacalli won by resignation"]

1. d4 Nf6 2. Bg5 d5 3. e3 e6 4. Nd2 Be7 5. Bd3 b6 6. c3 Bb7 7. Bxf6 Bxf6 8. f4 Nc6 9. Ngf3 Ne7 10. Ne5 a6 11. Qa4+ b5 12. Bxb5+ axb5 13. Qxb5+ Bc6 14.
Nxc6 Qd7 15. Na7 Rxa7 16. Qb8+ Nc8 17. a4 O-O 18. a5 c5 19. a6 cxd4 20. cxd4 Nd6 21.
Qb4 Rfa8 22. O-O Rxa6 23. Rxa6 Rxa6 24. Rc1 Ra8 25. Nf3 g6 26. Ne5 Bxe5 27. fxe5 Ne4 28. h4 Rc8 29. Ra1 Qd8 30. Qb7 Rb8 31. Qc6 Qxh4 32.
Rf1 Qg3 33. Rf3 Qe1+ 34. Kh2 Qh4+ 35. Rh3 Qg5 36. Rf3 Qe7 37. Qc2 Qb7 0-1

[Event "*** Titled Tuesday Blitz"]
[Site "Chess.com"]
[Date "2020.04.14"]
[Round "9"]
[White "TigrVShlyape"]
[Black "FairChess_on_YouTube"]
[Result "1-0"]
[WhiteElo "2881"]
[BlackElo "2984"]
[TimeControl "180+1"]
[EndTime "11:41:12 PDT"]
[Termination "TigrVShlyape won by resignation"]

1. d4 g6 2. Nf3 d6 3. c3 Bg7 4. Bf4 Nf6 5. h3 O-O 6. Nbd2 Nbd7 7. e4 e5 8. dxe5 dxe5 9. Be3 b6 10.
Qc2 Bb7 11. a4 Qe7 12. a5 Nc5 13. Ng5 Rad8 14. Bc4 Nh5 15. b4 Nd7 16. Ngf3 Nf4 17. O-O Nf6 18. Rfe1 Bc6 19. axb6 axb6 20. Ra7 Qd6 21.
Bxf4 b5 22. Bxe5 1-0

[Event "*** Titled Tuesday Blitz"]
[Site "Chess.com"]
[Date "2020.04.14"]
[Round "9"]
[White "HouseOfDurin"]
[Black "floplover"]
[Result "1-0"]
[WhiteElo "2087"]
[BlackElo "2265"]
[TimeControl "180+1"]
[EndTime "11:41:12 PDT"]
[Termination "HouseOfDurin won by resignation"]

1. d4 Nf6 2. Bg5 e6 3. e4 h6 4. Bxf6 Qxf6 5. e5 Qd8 6. f4 d6 7.
Nf3 g6 8. c4 dxe5 9. fxe5 b6 10. Nc3 Bb7 11. Qd2 h5 12. d5 Bh6 13. Qd3 exd5 14. cxd5 O-O 15. e6 Qe7 16. Be2 Na6 17.
O-O Nc5 18. Qc2 Kg7 19. Ne5 Be3+ 20. Kh1 Qh4 21. Rxf7+ Rxf7 22. Qxg6+ 1-0

[Event "*** Titled Tuesday Blitz"]
[Site "Chess.com"]
[Date "2020.04.14"]
[Round "9"]
[White "blazingbanana"]
[Black "Bad_left_hook"]
[Result "0-1"]
[WhiteElo "2391"]
[BlackElo "2561"]
[TimeControl "180+1"]
[EndTime "11:41:16 PDT"]
[Termination "Bad_left_hook won by checkmate"]

1. d4 Nf6 2. c4 g6 3. Nc3 d5 4. cxd5 Nxd5 5. e4 Nxc3 6. bxc3 Bg7 7. Be3 c5 8. Bc4 cxd4 9. cxd4 Qa5+ 10. Qd2 Qxd2+ 11. Kxd2 Nc6 12. Ne2 O-O 13. Rad1 Na5 14. Bd3 f5 15. f3 Be6 16. d5 Bf7 17. Nd4 fxe4 18. fxe4 Rac8 19. Rc1 a6 20. Rhf1 Be5 21. g3 b5 22. Ke2 Rfd8 23. Nf3 Bb2 24. Rxc8 Rxc8 25.
Ng5 Be8 26. Ne6 Bf7 27. Bh6 Bxe6 28. dxe6 Nc6 29. a4 bxa4 30. Bxa6 Rb8 31. Bb5 Nd4+ 32. Kd3 Nxb5 33. Kc4 a3 34. Kb3 Nd4+ 35. Ka2 Nxe6 36. h4 Nc5 37. e5 Ne4 38. g4 Nc3# 0-1

[Event "*** Titled Tuesday Blitz"]
[Site "Chess.com"]
[Date "2020.04.14"]
[Round "9"]
[White "BilodeauA"]
[Black "Evgeny81"]
[Result "1-0"]
[WhiteElo "2912"]
[BlackElo "2752"]
[TimeControl "180+1"]
[EndTime "11:41:19 PDT"]
[Termination "BilodeauA won by resignation"]

1. e4 c6 2. Nf3 d5 3. d3 dxe4 4.
dxe4 Qxd1+ 5. Kxd1 f6 6. Be3 e5 7. Nfd2 Be6 8. a4 Nd7 9. Bc4 Kf7 10. Ke2 Bc5 11. f3 Ne7 12. a5 b5 13. Bxe6+ Kxe6 14. Nb3 Bxe3 15. Kxe3 c5 16. a6 c4 17. N3d2 Nc6 18.
Nc3 Nd4 19. Rhc1 Rhc8 20. Nd5 Rab8 21. c3 Nc6 22. b4 cxb3 23. Nxb3 Ne7 24. Nb4 Nb6 25.
Na5 Nc4+ 26. Nxc4 Rxc4 27. Ra3 Rbc8 28. Rb3 Rb8 29. Nd3 Rb6 30. Rcb1 Rxa6 31. Rxb5 Rac6 32. Rb7 Rxc3 33. Rxa7 Rd6 34. Rd1 Nc6 35. Ra6 Rcxd3+ 36. Rxd3 Rxd3+ 37. Kxd3 1-0

[Event "*** Titled Tuesday Blitz"]
[Site "Chess.com"]
[Date "2020.04.14"]
[Round "9"]
[White "DishonorOnYourCow"]
[Black "Poghosyan_Suren"]
[Result "1-0"]
[WhiteElo "2305"]
[BlackElo "2494"]
[TimeControl "180+1"]
[EndTime "11:41:19 PDT"]
[Termination "DishonorOnYourCow won by checkmate"]

1. d4 Nf6 2. c4 e5 3. dxe5 Ng4 4. Bf4 Nc6 5. e3 Ngxe5 6. Nf3 Nxf3+ 7. Qxf3 Bb4+ 8.
Nc3 Bxc3+ 9. bxc3 Qf6 10. Rc1 d6 11. Bd3 Bf5 12. Bxf5 Qxf5 13. Qd5 Qg6 14. O-O O-O 15.
c5 dxc5 16. Qxc5 b6 17. Qc4 Rac8 18. Rfd1 Na5 19. Qa6 Qc6 20. Qxa7 g5 21. Bg3 f5 22. Qa6 f4 23. exf4 gxf4 24. Bh4 f3 25. Qd3 Nc4 26. Qd5+ Qxd5 27. Rxd5 Ra8 28. Rc2 Ra4 29. Rg5+ Kh8 30. Rg4 fxg2 31. Rxg2 Re8 32. Bf6# 1-0

[Event "*** Titled Tuesday Blitz"]
[Site "Chess.com"]
[Date "2020.04.14"]
[Round "9"]
[White "GrafLermontov"]
[Black "Perecke"]
[Result "1-0"]
[WhiteElo "2387"]
[BlackElo "2207"]
[TimeControl "180+1"]
[EndTime "11:41:19 PDT"]
[Termination "GrafLermontov won on time"]

1. d4 d5 2. c4 e6 3. Nc3 Nf6 4. cxd5 exd5 5. Bg5 Be7 6. e3 O-O 7. Bd3 Re8 8. Qc2 h6 9. Bh4 c5 10. Nf3 Nc6 11. dxc5 d4 12. exd4 Bxc5+ 13. Ne2 Bb4+ 14. Kf1 Bg4 15. Rd1 Rc8 16. Qb3 Bxf3 17. gxf3 Qd6 18.
Rg1 Nd5 19. a3 Ba5 20. Bc4 Nce7 21. Bxe7 Qxe7 22. Bxd5 Qxe2+ 23. Kg2 Rc7 24. Qa4 Qe7 25. Qxa5 b6 26. Qd2 1-0

[Event "*** Titled Tuesday Blitz"]
[Site "Chess.com"]
[Date "2020.04.14"]
[Round "9"]
[White "kuli4ik"]
[Black "adiosabu"]
[Result "1-0"]
[WhiteElo "2795"]
[BlackElo "2564"]
[TimeControl "180+1"]
[EndTime "11:41:20 PDT"]
[Termination "kuli4ik won by resignation"]

1. Nf3 Nf6 2. g3 d5 3. Bg2 Bg4 4. h3 Bxf3 5. Bxf3 c6 6. Bg2 Nbd7 7. O-O e5 8. c3 Bd6 9. d4 e4 10. c4 O-O 11. Nc3 Qa5 12. Qb3 Rab8 13. Bd2 dxc4 14. Qxc4 Qh5 15. Nxe4 Nxe4 16. Bxe4 Qxh3 17. Qd3 Nf6 18.
Bg2 Qh5 19. Bf3 Qh3 20. Rfe1 Rbd8 21. Rad1 Rfe8 22. e4 Be5 23. Bc3 Bxd4 24. Bxd4 c5 25. e5 Rxd4 26. exf6 Red8 27. Qb5 1-0

[Event "*** Titled Tuesday Blitz"]
[Site "Chess.com"]
[Date "2020.04.14"]
[Round "9"]
[White "Neimar24"]
[Black "ChessQueen"]
[Result "0-1"]
[WhiteElo "2572"]
[BlackElo "2804"]
[TimeControl "180+1"]
[EndTime "11:41:21 PDT"]
[Termination "ChessQueen won by resignation"]

1. e4 c5 2. Nf3 Nc6 3. Bb5 Nf6 4. Nc3 Nd4 5. Bc4 e6 6. O-O a6 7. e5 d5 8. Bd3 Nxf3+ 9. Qxf3 Nd7 10. Re1 Be7 11.
Qh5 g6 12. Qh3 Qc7 13. Bxg6 fxg6 14. Qxe6 Nb6 15. Nxd5 Nxd5 16. Qxd5 Bf5 17. d3 Rd8 18. Qb3 Qc6 19. Bf4 Be6 20. Qc3 O-O 21. Bh6 Rf5 22. Rad1 Rd4 23. f3 g5 24. Re4 Bd5 25.
Rxd4 cxd4 26. Qxc6 bxc6 27. Re1 Kf7 28. h4 gxh4 29.
c4 dxc3 30. bxc3 h3 31. c4 Be6 32. Rb1 Bc5+ 33. Kh2 hxg2 34. Kxg2 Rxe5 35. Rb7+ Kg6 36. Bf4 Re2+ 37. Kg3 Bf2+ 0-1

[Event "*** Titled Tuesday Blitz"]
[Site "Chess.com"]
[Date "2020.04.14"]
[Round "9"]
[White "benko_008"]
[Black "JustWatch000"]
[Result "1-0"]
[WhiteElo "2511"]
[BlackElo "2613"]
[TimeControl "180+1"]
[EndTime "11:41:21 PDT"]
[Termination "benko_008 won by resignation"]

1. Nf3 Nf6 2. g3 b5 3. Bg2 Bb7 4. O-O e6 5. b3 c5 6. c4 a6 7.
Bb2 Be7 8. e3 O-O 9. Nc3 b4 10.
Ne2 d5 11. Rc1 dxc4 12. Rxc4 Nbd7 13. Qa1 Nb6 14. Rcc1 a5 15. d4 cxd4 16. Nexd4 a4 17. Rfd1 Qb8 18. bxa4 Rxa4 19. Nc6 Bxc6 20. Rxc6 Rc8 21.
Rxc8+ Qxc8 22. Qb1 Qc4 23. a3 b3 24. Ng5 h6 25. Bxf6 hxg5 26. Bxe7 Nd5 27. Bxd5 exd5 28.
Bb4 Ra6 29. Rc1 Qg4 30. Qxb3 Qf3 31. Qd1 Qf5 32. Rc5 Rf6 33. Be1 Qh3 34. Qc2 g6 35. Rxd5 1-0

[Event "*** Titled Tuesday Blitz"]
[Site "Chess.com"]
[Date "2020.04.14"]
[Round "9"]
[White "chenxiaoyuer"]
[Black "avantage_ru"]
[Result "0-1"]
[WhiteElo "2127"]
[BlackElo "2551"]
[TimeControl "180+1"]
[EndTime "11:41:21 PDT"]
[Termination "avantage_ru won by checkmate"]

1. e4 d6 2. d4 Nf6 3. Nc3 c6 4. a4 e5 5. dxe5 dxe5 6. Qxd8+ Kxd8 7. f3 Bc5 8. Bg5 Be6 9. Nge2 Nd7 10. Nc1 h6 11. Bh4 Ke7 12. Bf2 a5 13. Bxc5+ Nxc5 14. Nd3 Nfd7 15. b3 Rad8 16. Nd1 Nxd3+ 17. Bxd3 Nc5 18.
Be2 g6 19. Nf2 f5 20. Rd1 f4 21. Nd3 Nxd3+ 22. Rxd3 Rxd3 23. Bxd3 Kd6 24. Kd2 Kc5 25.
Kc3 g5 26. Be2 Rd8 27. Rd1 Rxd1 28. Bxd1 b5 29. Be2 h5 30. h3 Bd7 31. Bd1 Kb6 32. Be2 Be8 33. Kb2 Bd7 34. c4 bxa4 35. bxa4 Kc5 36.
Kc3 Be6 37. Bd3 g4 38. h4 gxf3 39. gxf3 Bh3 40. Be2 Bg2 41. Bd1 Bf1 42. Bb3 Be2 43.
Kc2 Bxc4 44. Bxc4 Kxc4 45. Kd2 Kb3 46. Ke2 c5 47. Kf2 Kxa4 48. Kg2 Kb4 49. Kh3 a4 50. Kh2 a3 51. Kh3 a2 52. Kh2 a1=Q 53.
Kh3 Qh1# 0-1

[Event "*** Titled Tuesday Blitz"]
[Site "Chess.com"]
[Date "2020.04.14"]
[Round "9"]
[White "Dynamikus"]
[Black "mbojan"]
[Result "1-0"]
[WhiteElo "2760"]
[BlackElo "2606"]
[TimeControl "180+1"]
[EndTime "11:41:22 PDT"]
[Termination "Dynamikus won by checkmate"]

1. Nf3 Nf6 2. c4 g6 3. Nc3 d5 4. cxd5 Nxd5 5. Qc2 Bg7 6. e4 Nb6 7. d4 O-O 8. Be3 Bg4 9. Rd1 Bxf3 10. gxf3 Nc6 11. d5 Ne5 12. Be2 Nec4 13. Bc1 Nd6 14. h4 Nd7 15. h5 c6 16. hxg6 fxg6 17. dxc6 bxc6 18. f4 Qe8 19. Qd3 Nc5 20. Qh3 Bxc3+ 21.
bxc3 Qf7 22. e5 Nde4 23. Rd7 Rad8 24. Bc4 Rxd7 25. Qxh7# 1-0

[Event "*** Titled Tuesday Blitz"]
[Site "Chess.com"]
[Date "2020.04.14"]
[Round "9"]
[White "Gubajdullin"]
[Black "allvim"]
[Result "1-0"]
[WhiteElo "2459"]
[BlackElo "2281"]
[TimeControl "180+1"]
[EndTime "11:41:23 PDT"]
[Termination "Gubajdullin won by resignation"]

1. d4 Nf6 2. Bf4 d5 3. e3 e6 4.
Nf3 c5 5. c3 Nc6 6. Nbd2 Bd6 7.
Bg3 O-O 8. Bb5 a6 9. Bxc6 bxc6 10. Qa4 Qc7 11. dxc5 Bxg3 12. hxg3 a5 13. g4 Nd7 14. g5 Re8 15. Qh4 Nf8 16. e4 e5 17. O-O Ng6 18. Qg3 Qe7 19. b4 Nf4 20. Rfe1 axb4 21. exd5 cxd5 22. Nxe5 Ng6 23. Nef3 Qxc5 24.
Rxe8+ Nf8 25. Nb3 Qxc3 26. Qd6 1-0

[Event "*** Titled Tuesday Blitz"]
[Site "Chess.com"]
[Date "2020.04.14"]
[Round "9"]
[White "Barbus89"]
[Black "ReyesBraulio"]
[Result "0-1"]
[WhiteElo "2277"]
[BlackElo "2176"]
[TimeControl "180+1"]
[EndTime "11:41:24 PDT"]
[Termination "ReyesBraulio won on time"]

1. d4 d5 2. Nf3 f5 3. g3 e6 4. Bg2 Bd6 5. O-O Nf6 6. c4 c6 7. Nc3 O-O 8. Rb1 Nbd7 9. b4 Qe7 10. b5 Ne4 11. Bd2 Kh8 12. c5 Bc7 13. bxc6 bxc6 14. Qa4 Nb8 15. Rb2 e5 16. dxe5 Bxe5 17. Nxe5 Qxe5 18. Nxe4 fxe4 19. Rfb1 Bg4 20. Bf4 Qc3 21. Rxb8 Raxb8 22. Bxb8 Bxe2 23. Bf4 Bb5 24. Qb3 Qf6 25. Be3 Bd3 0-1

[Event "*** Titled Tuesday Blitz"]
[Site "Chess.com"]
[Date "2020.04.14"]
[Round "9"]
[White "Frolyanov_D"]
[Black "MishkaFighter"]
[Result "1/2-1/2"]
[WhiteElo "2764"]
[BlackElo "2616"]
[TimeControl "180+1"]
[EndTime "11:41:25 PDT"]
[Termination "Game drawn by agreement"]

1. e4 g6 2. d4 Bg7 3. Nc3 a6 4.
f4 b5 5. Nf3 d6 6. Bd3 Nd7 7. O-O c5 8. Be3 cxd4 9. Nxd4 Ngf6 10. Kh1 Bb7 11. a3 O-O 12. Qe2 Nc5 13. Bg1 Rc8 14. Rae1 Qc7 15. Nf3 e5 16. f5 gxf5 17.
Bxc5 Qxc5 18. exf5 e4 19. Bxe4 Nxe4 20. Nxe4 Bxe4 21.
Qxe4 Qxc2 22. Qb7 Qxb2 23. Qxa6 Rc2 24. Qxd6 Rxg2 25. Rg1 Rxg1+ 26. Rxg1 Kh8 27. Ng5 Qf6 28. Qxf6 Bxf6 29. Ne4 Bb2 30. Rb1 Bxa3 31. Rxb5 1/2-1/2

[Event "*** Titled Tuesday Blitz"]
[Site "Chess.com"]
[Date "2020.04.14"]
[Round "9"]
[White "mbachez"]
[Black "abhidabhi"]
[Result "0-1"]
[WhiteElo "2533"]
[BlackElo "2756"]
[TimeControl "180+1"]
[EndTime "11:41:27 PDT"]
[Termination "abhidabhi won by resignation"]

1. e4 e5 2. Nf3 Nc6 3. Bb5 a6 4.
Ba4 Nf6 5. d3 Bc5 6. c3 b5 7.
Bb3 d6 8. h3 h6 9. O-O Ba7 10. a4 g5 11. Be3 g4 12. hxg4 Bxg4 13. axb5 axb5 14. Nbd2 Rg8 15. Bxa7 Rxa7 16. Rxa7 Nxa7 17.
Qa1 Bh3 18. g3 Bxf1 19. Kxf1 Qb8 20. Qa2 Rg7 21. Nh4 Qb6 22. Nf5 Rh7 23. Nf3 Nc6 24.
Qa8+ Nd8 25. Ba2 Ng4 26. d4 Qc6 27. Qxd8+ Kxd8 28. Bd5 0-1

[Event "*** Titled Tuesday Blitz"]
[Site "Chess.com"]
[Date "2020.04.14"]
[Round "9"]
[White "Mikhail_Golubev"]
[Black "Olkaa"]
[Result "0-1"]
[WhiteElo "2526"]
[BlackElo "2657"]
[TimeControl "180+1"]
[EndTime "11:41:27 PDT"]
[Termination "Olkaa won by resignation"]

1. e4 c5 2. Nf3 e6 3. d4 cxd4 4. Nxd4 Nc6 5. Nc3 Qc7 6. Be3 a6 7. a3 b5 8. Nxc6 Qxc6 9. Be2 Bb7 10. O-O Rc8 11. Bf3 Qc7 12. Re1 Bd6 13. g3 Be5 14. Bg2 Nf6 15. f4 Bxc3 16. bxc3 Bxe4 17. Bxe4 Nxe4 18. Bd4 d5 19. Qh5 O-O 20. Bxg7 Kxg7 21. Rxe4 Qxc3 22. Re5 Qxa1+ 23. Kg2 Rxc2+ 0-1

[Event "*** Titled Tuesday Blitz"]
[Site "Chess.com"]
[Date "2020.04.14"]
[Round "9"]
[White "Xeniya2005"]
[Black "suyu28"]
[Result "0-1"]
[WhiteElo "2222"]
[BlackElo "2554"]
[TimeControl "180+1"]
[EndTime "11:41:27 PDT"]
[Termination "suyu28 won by checkmate"]

1. e4 e5 2. Nf3 Nc6 3. Nc3 Nf6 4. Bb5 Bd6 5. d3 O-O 6. g4 Bc5 7. Rg1 Nd4 8. Nxd4 exd4 9. Ne2 c6 10. Ba4 Qa5+ 11. c3 dxc3 12. bxc3 d5 13. g5 Ne8 14. d4 Be7 15. e5 Nc7 16. Bc2 c5 17. Bd2 cxd4 18. cxd4 Bb4 19. a3 Bxd2+ 20. Qxd2 Qxd2+ 21. Kxd2 Bd7 22. Rgb1 Bc6 23. a4 f6 24. gxf6 gxf6 25. Rg1+ Kh8 26. exf6 Rxf6 27. f4 Ne8 28. Rg3 Nd6 29.
Rag1 Re8 30. Rg7 Rh6 31. R1g2 Nc4+ 32. Kc1 Ne3 33. R2g5 Nxc2 34. Ng3 Nxd4 35. f5 Rxh2 36. Nh5 Re1# 0-1

[Event "*** Titled Tuesday Blitz"]
[Site "Chess.com"]
[Date "2020.04.14"]
[Round "9"]
[White "Jenia84"]
[Black "SmirnovTimofey2000"]
[Result "0-1"]
[WhiteElo "2355"]
[BlackElo "2573"]
[TimeControl "180+1"]
[EndTime "11:41:29 PDT"]
[Termination "SmirnovTimofey2000 won by resignation"]

1. e4 c5 2. Nf3 d6 3. d4 cxd4 4.
Nxd4 Nf6 5. Nc3 a6 6. Be3 e5 7. Nf3 Be7 8. Bc4 O-O 9. Qd3 b5 10. Bb3 Bb7 11. Nd5 Nbd7 12. O-O-O Nxd5 13. Bxd5 Bxd5 14.
Qxd5 Nf6 15. Qd3 Qa5 16. Kb1 d5 17. Nxe5 dxe4 18. Nc6 exd3 19. Nxa5 dxc2+ 20. Kxc2 Bb4 21. Nb3 Rac8+ 22. Kb1 Rfd8 23. a3 Be7 24. Rxd8+ Rxd8 25. Rc1 Nd5 26. Bc5 Bg5 27. Rc2 h5 28. Nd4 Nf4 29.
Nf3 Bf6 30. g3 Rd1+ 31. Ka2 Nd3 32. Be3 b4 33. Kb3 bxa3 34. bxa3 Rb1+ 35. Ka4 Rb5 36. Bd4 Bxd4 37. Nxd4 Nc5+ 38. Rxc5 Rxc5 0-1